 Dungeon Crawl Stone Soup version 0.18-a0-1045-g4e042de (webtiles) character file.

155 namelastname112 the Ducker (level 5, -1/42 HPs)
             Began as a Draconian Wizard on Jan 12, 2016.
             Slain by Natasha (5 damage)
             ... on level 3 of the Dungeon.
             The game lasted 00:05:19 (2586 turns).

namelastname112 the Ducker (Draconian Wizard)       Turns: 2586, Time: 00:05:19

Health: -1/42      AC:  5    Str:  9    XL:     5   Next: 14%
Magic:  1/9        EV: 12    Int: 19    God:
Gold:   81         SH:  0    Dex: 10    Spells: 1 memorised, 9 levels left

rFire  + . .     SeeInvis +     h - +0 short sword
rCold  . . .     Gourm    .     (armour unavailable)
rNeg   . . .     Faith    .     (no shield)
rPois  .         Spirit   .     a - +0 hat
rElec  .         Dismiss  .     (no cloak)
rCorr  .         Reflect  .     (no gloves)
SustAt .         Harm     .     (no boots)
MR     .....                    (no amulet)
Stlth  ++........               i - ring of protection from fire
                                e - ring of see invisible

@: flying, not resistant to hostile enchantments, unstealthy
A: unfitting armour, cold-blooded, AC +5
a: no special abilities


You were on level 3 of the Dungeon.
You were not hungry.

You visited 1 branch of the dungeon, and saw 3 of its levels.

You collected 81 gold pieces.

Inventory:

Hand Weapons
 h - a +0 short sword (weapon)
Armour
 a - a +0 hat (worn)
 l - a +0 pair of boots
 p - a +0 buckler
Jewellery
 e - a ring of see invisible (left hand)
 i - a ring of protection from fire (right hand)
Scrolls
 f - a scroll of recharging {unknown}
 g - 2 scrolls of teleportation {unknown}
 j - a scroll of enchant armour {unknown}
 k - 3 scrolls of remove curse {unknown}
Potions
 m - a potion of resistance {unknown}
 n - a potion of mutation {unknown}
 q - a potion of ambrosia {unknown}
Books
 b - a book of Minor Magic

   Spells                             Type                      Level
   a - Magic Dart                     Conjuration                  1
   b - Blink                          Translocation                2
   c - Call Imp                       Summoning                    2
   d - Repel Missiles                 Charms/Air                   2
   e - Slow                           Hexes                        2
   f - Conjure Flame                  Conjuration/Fire             3
   g - Mephitic Cloud                 Conjuration/Poison/Air       3
Miscellaneous
 r - a plain deck of war
Comestibles
 c - 2 bread rations
 o - a beef jerky
 s - 2 chunks of flesh


   Skills:
 + Level 2.3 Fighting
 + Level 1.9 Short Blades
 + Level 3.1 Dodging
 + Level 2.9 Stealth
 - Level 3.0 Spellcasting
 - Level 1.0 Conjurations
   Level 1.0 Summonings
   Level 1.0 Translocations


You had 9 spell levels left.
You knew the following spells:

 Your Spells              Type           Power        Failure   Level  Hunger
z - Magic Dart            Conj           #...         12%         1    None


Dungeon Overview and Level Annotations

Branches:
Dungeon (3/15)

Altars:
Nemelex Xobeh

Annotations:
D:3 Natasha


Innate Abilities, Weirdness & Mutations

Your plain brown scales are hard (AC +5).
Your body does not fit into most forms of armour.
You are cold-blooded and may be slowed by cold attacks.


Message History

Natasha is heavily wounded.
Natasha closely misses you.
Casting: Magic Dart
Confirm with . or Enter, or press ? or * to list all spells.
Aiming: Magic Dart
Press: ? - help, Shift-Dir - straight line, f/p - Natasha
Aim: Natasha (heavily wounded)
The magic dart hits Natasha.
Natasha is severely wounded.
Natasha barely misses you.
The crimson imp shouts, "Bolt, thou twisted toad-spotted reprobate!"
Casting: Magic Dart
Confirm with . or Enter, or press ? or * to list all spells.
Aiming: Magic Dart
Press: ? - help, Shift-Dir - straight line, f/p - Natasha
Aim: Natasha (severely wounded)
The magic dart hits Natasha.
Natasha is severely wounded.
Natasha claws you.
You die...

##############...#
...>.........#...#
....########.#...##..
##### #..#...... #
#......... #
##(#####.# #### ##..#
...# #..(####.####
#### #.%.h@.5.....
###.####..### #.. ...
...# # ..... ###..##
#... #..#


You could see Natasha and a crimson imp.

Vanquished Creatures
  An orc priest (D:3)
  Natasha (twice) (D:3)
  2 adders (D:2)
  3 giant geckos
  2 orcs (D:3)
  3 ball pythons
  2 giant cockroaches (D:1)
  A goblin (D:2)
  6 hobgoblins
  8 jackals (D:1)
  3 bats
  5 giant newts
  7 kobolds
  8 rats
53 creatures vanquished.

Vanquished Creatures (others)
  An orc (D:3)
1 creature vanquished.

Grand Total: 54 creatures vanquished

Notes
Turn   | Place    | Note
--------------------------------------------------------------
     0 | D:1      | namelastname112 the Draconian Wizard began the quest for the Orb.
     0 | D:1      | Reached XP level 1. HP: 14/14 MP: 4/4
    69 | D:1      | Reached skill level 1 in Fighting
   459 | D:1      | Reached XP level 2. HP: 17/23 MP: 1/6
  1463 | D:2      | Reached XP level 3. HP: 28/28 MP: 7/7
  1706 | D:2      | Reached skill level 1 in Short Blades
  2045 | D:2      | Found a sparkling altar of Nemelex Xobeh.
  2063 | D:2      | Reached XP level 4. HP: 36/36 MP: 8/8
  2227 | D:3      | Noticed Natasha
  2233 | D:3      | Killed Natasha
  2363 | D:3      | Noticed Natasha
  2388 | D:3      | Killed Natasha
  2544 | D:3      | Reached XP level 5. HP: 9/42 MP: 9/9
  2556 | D:3      | Noticed Natasha
  2586 | D:3      | Slain by Natasha

Vault maps used:
D:1:      lemuel_arrival_rhombus
D:2:      serial_park_tiny_pond, nemelex_deck
D:3:      grunt_temple_overflow_holy_war, first_bread, tso_altar, uniq_grinder,
          uniq_robin, uniq_natasha

Action                   |  1- 3 |  4- 6 || total
-------------------------+-------+-------++-------
Melee: Unarmed           |    81 |       ||    81
       Short sword       |   110 |    61 ||   171
 Cast: Magic Dart        |    35 |     9 ||    44
  Use: Potion            |       |     1 ||     1
 Stab: Sleeping          |     7 |     1 ||     8
  Eat: Royal jelly       |     1 |       ||     1
       Chunk             |     1 |     3 ||     4
